Description

a environ 4:30 vous attaquez avec 6 stalker et 2 immortel. après 4:30 vous créé les immortel et stalker en continu.

14 0:19 Pylon
15 0:38 Gateway
16 0:45 Assimilator
17 0:52 Assimilator
19 1:25 Cybernetics Core
20 1:32 Pylon
23 2:01 Stalker (Chrono Boost)
25 2:02 Warp Gate
25 2:03 Robotics Facility
25 2:11 Mothership Core
27 2:18 Pylon
27 2:29 Stalker (Chrono Boost)
29 2:48 Immortal
33 2:55 Stalker (Chrono Boost)
35 3:00 Gateway
35 3:05 Pylon
35 3:21 Stalker (Chrono Boost)
37 3:31 Immortal
41 3:55 Pylon
39 4:06 Pylon
40 4:10 Stalker x2

VOD

https://youtu.be/wohkz2hZy1Y

Replay - final PVP ROBOT 2 GATE

Build Order

Get SALT Encoding   

Spawning Tool Build Advisor. Get it on Overwolf

Go to:

Details

  • Created by: defer
  • Published on: Jul 09, 2017
  • Modified on: Jul 24, 2017
  • Patch: 3.8.0
Show
View Real Time Build Order
Export as new Build Order

Comments (0)

There are no comments. Be the first!

Create an account to comment!